 Dungeon Crawl Stone Soup version 0.31.0-32-g396128a36d (webtiles) character file.

Game seed: 5117811912240308449

150 gohu the Magician (level 5, 0/35 HPs)
             Began as a Djinni Fire Elementalist on Mar 13, 2024.
             Was an Initiate of Makhleb.
             Slain by a gnoll
             ... wielding a +0 spear
             ... led by a gnoll bouda
              (6 damage)
             ... on level 4 of the Dungeon.
             The game lasted 00:03:41 (1976 turns).

gohu the Magician (Djinni Fire Elementalist)        Turns: 1976, Time: 00:03:42

Health: 0/35       AC:  2    Str:  7    XL:     5   Next: 58%
Gold:   154        EV: 13    Int: 19    God:    Makhleb [......] SH:  0 Dex: 13

rFire   + + .        (no weapon)
rCold   . . .        (no shield)
rNeg    . . .        a - +0 robe
rPois   ∞            (no helmet)
rElec   .            (no cloak)
rCorr   .            (no gloves)
SInv    .            (boots unavailable)
Will    .....        (no amulet)
Stlth   ++           k - ring of protection from cold
HPRegen 0.25/turn    (no ring)
MPRegen 0.00/turn

%: infuse magic (-1 HP)
@: flying
A: sickness immunity, fire resistance 2, cold vulnerability 1, float, innate
caster, HP casting, extra vitality 1
a: Renounce Religion


You were on level 4 of the Dungeon.
You worshipped Makhleb.
Makhleb was noncommittal.
You visited 2 branches of the dungeon, and saw 5 of its levels.

You collected 154 gold pieces.

Inventory:

Armour
 a - a +0 robe (worn)
Jewellery
 k - a ring of protection from cold (left hand)
Wands
 b - a wand of polymorph (5)
Scrolls
 c - a scroll of revelation {unknown}
 d - a scroll of fog {unknown}
 f - a scroll of poison {unknown}
 g - 5 scrolls of identify {unknown}
 i - a scroll of vulnerability {unknown}
Potions
 e - 3 potions of enlightenment {unknown}
 h - 2 potions of haste {unknown}
 j - a potion of curing {unknown}
 l - a potion of degeneration {unknown}


   Skills:
 - Level 3.4 Dodging
 - Level 2.7 Stealth
 * Level 4.1 Spellcasting
 * Level 4.1 Conjurations
 * Level 4.1 Hexes
   Level 0.0 Charms
 * Level 4.1 Summonings
 * Level 4.1 Necromancy
 * Level 4.1 Translocations
   Level 0.0 Transmutations
 * Level 4.1 Fire Magic
 * Level 4.1 Ice Magic
 * Level 4.1 Air Magic
 * Level 4.1 Earth Magic
 * Level 4.1 Alchemy


You knew the following spells:

 Your Spells              Type           Power      Damage    Failure   Level
a - Foxfire               Conj/Fire      76%        2x1d7     2%          1
b - Scorch                Fire           38%        2d6       3%          2
c - Volatile Blastmotes   Fire/Tloc      38%        2d13      8%          3
d - Inner Flame           Hex/Fire       19%        N/A       8%          3
e - Flame Wave            Conj/Fire      19%        2d7       24%         4
f - Sting                 Conj/Alch      76%        1d7       2%          1
g - Lesser Beckoning      Tloc           38%        N/A       3%          2
Your spell library was empty.

Dungeon Overview and Level Annotations

Branches:
Dungeon (4/15)             Temple (1/1) D:4

Altars:
Ashenzari
Dithmenos
Elyvilon
Fedhas
Makhleb
Nemelex Xobeh
Okawaru
Ru
Trog
Uskayaw
Wu Jian
Yredelemnul


Innate Abilities, Weirdness & Mutations

You are immune to sickness and miasma.
You are immune to poison.
Your flesh is very heat resistant. (rF++)
You are vulnerable to cold. (rC-)
You float through the air rather than walking.
You learn spells naturally, not from books.
Your magical power is your life essence.
You have superior vitality. (+4 MHP)


Message History

Casting: Volatile Blastmotes (dangerous; 9% risk of failure)
Confirm with . or Enter, or press ? or * to list all spells.
A cloud of volatile blastmotes flares up around you!
Run!
The gnoll bouda gazes fiercely through you!
You feel your attacks grow feeble.
There are monsters nearby!
The cloud of blastmotes explodes!
The concussive blast engulfs the gnoll bouda!
You kill the gnoll bouda!
Makhleb accepts your kill.
Your magical contamination has completely faded away.
Your Spellcasting skill increases to level 4!
Your Conjurations skill increases to level 4!
Your Hexes skill increases to level 4!
Your Summonings skill increases to level 4!
Your Necromancy skill increases to level 4!
Your Translocations skill increases to level 4!
Your Fire Magic skill increases to level 4!
Your Ice Magic skill increases to level 4!
Your Air Magic skill increases to level 4!
Your Earth Magic skill increases to level 4!
Your Alchemy skill increases to level 4!
Casting: Volatile Blastmotes (dangerous; 8% risk of failure)
Confirm with . or Enter, or press ? or * to list all spells.
A cloud of volatile blastmotes flares up around you!
Run!
Your attacks no longer feel as feeble.
The cloud of blastmotes explodes!
The concussive blast engulfs the gnoll.
The gnoll is moderately wounded.
There is a stone staircase leading up here.
Casting: Volatile Blastmotes (dangerous; 8% risk of failure)
Confirm with . or Enter, or press ? or * to list all spells.
Flames lash the gnoll.
The gnoll is almost dead.
The gnoll's fire resistance burns away.
The gnoll is no longer moving quickly.
The gnoll hits you with a +0 whip. The gnoll completely misses you.
The gnoll hits you with a +0 whip.
* * * LOW HITPOINT WARNING * * *
The gnoll hits you from afar with a +0 spear.
You die...

........ #......... ##
...#... ####.###g#
..####.##.## ##.###.#
....>......## #..##..#
............#####.###)##
.............).g..##..#
...........##+##.....##
...>.....g.#...#.#.###
.....#@g..#.8.#.#.#
...........#...#...#
[....(..<..##'##.###
#..#.##..........## ..
#. #.....##...(#### .
#.....#..#.....# #
#.....#....P.P.##
#####)..##..>...#
###..####.P.P..#


You could see 2 gnolls.

Vanquished Creatures
  A gnoll bouda (D:4)
  A sleepcap (D:4)
  2 gnolls (D:4)
  An adder (D:2)
  A dart slug (D:4)
  3 orcs (D:3)
  4 ball pythons
  A bat (D:1)
  6 endoplasms
  2 giant cockroaches (D:3)
  3 goblins (D:1)
  7 hobgoblins
  4 jackals (D:2)
  4 quokkas
  10 frilled lizards
  6 kobolds
  4 rats
60 creatures vanquished.

Vanquished Creatures (others)
  168 foxfires
168 creatures vanquished.

Grand Total: 228 creatures vanquished

Notes
Turn   | Place    | Note
-------+----------+-------------------------------------------
     0 | D:1      | gohu the Djinni Fire Elementalist began the quest for the
                  | Orb.
     0 | D:1      | gohu set off with the following spells memorised: Foxfire,
                  | Scorch, Volatile Blastmotes, Inner Flame, Flame Wave.
     0 | D:1      | Reached XP level 1. HP: 15/15 MP: 0/0
     8 | D:1      | You are sucked into a shaft and drop 1 floor!
     8 | D:2      | Found a faded altar of an unknown god.
    37 | D:2      | Reached XP level 2. HP: 15/21 MP: 0/0
   185 | D:1      | Reached XP level 3. HP: 17/25 MP: 0/0
   185 | D:1      | Learned a level 1 spell: Sting
   828 | D:2      | Reached XP level 4. HP: 27/31 MP: 0/0
  1227 | D:3      | Found an iron altar of Okawaru.
  1407 | D:3      | Found a sparkling altar of Nemelex Xobeh.
  1797 | D:4      | Found a staircase to the Ecumenical Temple.
  1809 | Temple   | Entered the Ecumenical Temple
  1812 | Temple   | Became a worshipper of Makhleb the Destroyer
  1834 | D:4      | Reached XP level 5. HP: 25/35 MP: 0/0
  1834 | D:4      | Learned a level 2 spell: Lesser Beckoning
  1976 | D:4      | Slain by a gnoll

Illustrated notes

Levels and vault maps discovered:
D:1:      roderic_crossed_star, layout_rooms, minmay_lizard_pond
D:2:      layout_basic, ebering_ecumenical_altar_webs, grunt_decor_fettered
D:3:      layout_loops_corners, mainiacjoe_overflow_tiny_flanked,
          overflow_temple_1_default, minmay_strange_pillars
D:4:      layout_rooms, minmay_temple_entry_trees, minmay_misc_feat_room,
          patterned_corridor, uniq_crazy_yiuf_cottage, uniq_natasha, uniq_edmund
Temple:   nicolae_temple_hex_pool

Skill      XL: |  1  2  3  4  5 |
---------------+----------------+-----
Stealth        | 2 |  2.7
Dodging        | 3 |  3.4
Spellcasting   | 4 |  4.1
Conjurations   | 4 |  4.1
Hexes          | 4 |  4.1
Summonings     | 4 |  4.1
Necromancy     | 4 |  4.1
Translocations | 4 |  4.1
Fire Magic     | 4 |  4.1
Ice Magic      | 4 |  4.1
Air Magic      | 4 |  4.1
Earth Magic    | 4 |  4.1
Alchemy        | 4 |  4.1

Action                     |  1- 3 |  4- 6 || total
---------------------------+-------+-------++-------
   Cast: Foxfire           |    69 |    30 ||    99
         Scorch            |     3 |     8 ||    11
         Volatile Blastmot |       |     6 ||     6
 Armour: Robe              |     5 |    10 ||    15
  Dodge: Dodged            |     2 |    12 ||    14
